Penguins vs Hurricanes

Created - January-07-14 at 18:10

Goals
1 2 3 T
Penguins 1 2 0 3
Hurricanes 1 0 0 1
Shots
1 2 3 T
Penguins 4 17 15 36
Hurricanes 8 10 3 21

1st period

1. Hurricanes , Cal Clutterbuck 4 (Jack Hillen, Leo Komarov) at 2:23
2. Penguins , Stephane Robidas 2 (Victor Hedman, Ryan Getzlaf) at 17:10 (PP)

Penalties :
Steve Oleksy (CAR) for Hooking (Minor) at 7:26, Brendan Gallagher (PIT) for Hooking (Minor) at 11:42, Brian Boyle (CAR) for Charging (Minor) at 16:20

2nd period

3. Penguins , Andrew Ladd 25 (Kris Letang, Ryan Suter) at 1:25
4. Penguins , Andrew Ladd 26 (Ryan Suter, Kris Letang) at 9:01 (PP)

Penalties :
Marc Staal (CAR) for Delaying the game (Minor) at 8:03, Ryan Suter (PIT) for Tripping (Minor) at 14:25, Marc Staal (CAR) for Tripping (Minor) at 17:59

3rd period

No Goal

Penalties :
Brian Boyle (CAR) for Slashing (Minor) at 8:57, James Wisniewski (CAR) for Cross-checking (Minor) at 16:27, Steve Oleksy (CAR) for Interference (Minor) at 19:12, Duncan Keith (CAR) for Slashing (Minor) at 19:43

Goalie Stats

Marc-Andre Fleury (PIT), 20 saves from 21 shots - (0.952), W, 17-13-3, 60:00 minutes
Mike Smith (CAR), 33 saves from 36 shots - (0.917), L, 11-18-4, 60:00 minutes

Players Stats for Penguins

Player Name              G  A  P  +/- PIM S  H  SB GA TA FO     MP     PP MP  PK MP  
------------------------------------------------------------------------------------
Alexander Steen          0  0  0   0  0   3  0  0  0  0  0/0    19:19   4:22   0:00 
Andrew Ladd              2  0  2   1  0   6  2  0  0  0  1/1    21:28   6:09   0:00 
Barret Jackman           0  0  0  -1  0   1  1  0  0  0  0/0    12:27   0:00   1:54 
Brandon Saad             0  0  0  -1  0   0  0  0  0  0  0/0    13:51   0:00   3:13 
Brendan Gallagher        0  0  0  -1  2   2  2  0  0  0  1/3    15:14   0:00   0:00 
David Perron             0  0  0   0  0   2  3  0  0  0  2/3    19:19   4:22   0:00 
Ed Jovanovski            0  0  0   0  0   0  0  0  0  0  0/0     1:25   0:00   0:00 
Gabriel Landeskog        0  0  0   1  0   3  4  0  0  0  1/2    22:13   6:09   0:45 
John Tavares             0  0  0   1  0   2  0  0  0  0  21/29  22:38   6:09   0:00 
Kris Letang              0  2  2   1  0   2  0  0  0  0  0/0    24:24   6:42   1:00 
Matt Hunwick             0  0  0  -1  0   0  1  1  0  0  0/0    11:58   0:00   0:00 
Ruslan Fedotenko         0  0  0   0  0   2  0  0  0  0  0/0     4:37   0:00   0:00 
Ryan Getzlaf             0  1  1   0  0   3  5  0  0  0  15/31  20:41   4:22   0:45 
Ryan Suter               0  2  2   1  2   5  2  2  0  0  0/0    24:17   6:42   0:54 
Stephane Robidas         1  0  1   0  0   2  3  1  0  0  0/0    22:44   3:49   2:04 
Stephen Weiss            0  0  0  -1  0   1  2  0  0  0  6/18   12:04   0:00   3:13 
Victor Hedman            0  1  1   0  0   2  0  2  0  0  0/0    22:44   3:49   2:04 
Zac Rinaldo              0  0  0   0  0   0  2  0  0  0  4/7     4:37   0:00   0:00 

Players Stats for Hurricanes

Player Name              G  A  P  +/- PIM S  H  SB GA TA FO     MP     PP MP  PK MP  
------------------------------------------------------------------------------------
Blake Wheeler            0  0  0   0  0   1  3  0  0  0  2/3    19:11   2:26   0:00 
Brian Boyle              0  0  0  -1  4   3  6  1  0  0  12/27  17:47   1:32   0:00 
Cal Clutterbuck          1  0  1   1  0   1  1  0  0  0  0/2     8:30   1:32   0:00 
Dale Weise               0  0  0   1  0   0  1  0  0  0  0/1     6:58   0:00   0:00 
Duncan Keith             0  0  0   0  2   1  0  0  0  0  0/0    24:11   1:50   4:54 
Eric Staal               0  0  0   0  0   2  0  0  0  0  18/28  19:14   2:26   0:03 
Jack Hillen              0  1  1   1  0   1  0  1  0  0  0/0    15:43   0:36   1:43 
James Wisniewski         0  0  0  -1  2   3  1  1  0  0  0/0    24:37   2:26   5:27 
Lennart Petrell          0  0  0   0  0   0  0  0  0  0  0/0    11:15   0:00   5:44 
Leo Komarov              0  1  1   1  0   1  0  0  0  0  3/13   12:42   0:00   5:44 
Marc Staal               0  0  0   1  4   1  4  2  0  0  0/0    13:22   0:00   0:00 
Marty Reasoner           0  0  0   0  0   1  0  0  0  0  3/14    9:59   0:00   4:28 
Maxim Lapierre           0  0  0   0  0   0  0  0  0  0  0/0     5:31   0:00   0:00 
Nick Foligno             0  0  0  -1  0   3  1  0  0  0  2/3    18:43   2:26   0:00 
Nikolai Kulemin          0  0  0   0  0   0  1  0  0  0  3/3    21:32   0:00   4:47 
Rene Bourque             0  0  0  -1  0   2  0  0  0  0  0/0    17:49   1:32   0:00 
Ryan Wilson              0  0  0  -1  0   1  3  2  0  0  0/0    20:55   1:32   4:43 
Steve Oleksy             0  0  0   0  4   0  3  1  0  0  0/0    21:06   1:32   4:14 

3 Stars

1 - Andrew Ladd (PIT)
2 - Marc-Andre Fleury (PIT)
3 - Stephane Robidas (PIT)

Power Play

Penguins - 2 on 8 Attempt(s) - 25.00%
Hurricanes - 0 on 2 Attempt(s) - 0.00%

Penalty Kill

Penguins - 2 on 2 Attempt(s) - 100.00% - Score 0 goal in Penalty Kill
Hurricanes - 6 on 8 Attempt(s) - 75.00% - Score 0 goal in Penalty Kill

Official

Referees : Justin StPierre and Mike Leggo
Linesman : Tony Sericolo and Darren Gibbs

Game Notes

Stephen Weiss is injured at 8:15 of 3rd period (Sprained Right Finger)

Finance

Level 1 -- Attendance: 6000 (100.00%) -- Ticket Income $600,000
Level 2 -- Attendance: 4488 (89.76%) -- Ticket Income $291,720
Level 3 -- Attendance: 3188 (91.09%) -- Ticket Income $143,460
Level 4 -- Attendance: 2732 (84.58%) -- Ticket Income $73,764
Luxury Box -- Attendance: 913 (91.30%) -- Ticket Income $182,600
Game was played at the PNC Arena
Total Attendance: 17321 (92.48%)
Total Ticket Income: $1,291,544
Other Income: $193,732
Total Income: $1,485,276


% Time on Ice - Penguins

Lines # - Real PCT - Wanted PCT - Time Play
Normal Forward
1 - 34% - 33% - 15:19
2 - 33% - 33% - 14:57
3 - 23% - 24% - 10:38
4 - 10% - 10% - 4:37
Normal Defense
1 - 37% - 38% - 16:42
2 - 37% - 38% - 16:51
3 - 23% - 20% - 10:33
4 - 3% - 4% - 1:25
PP Forward
1 - 58% - 55% - 6:09
2 - 42% - 45% - 4:22
PP Defense
1 - 64% - 75% - 6:42
2 - 36% - 25% - 3:49
PK Forward
1 - 81% - 60% - 3:13
2 - 19% - 40% - 0:45
PK Defense
1 - 52% - 70% - 2:04
2 - 48% - 30% - 1:54
PK3 Forward
1 - 0% - 55%
2 - 0% - 45%
PK3 Defense
1 - 0% - 55%
2 - 0% - 45%
44 Forward
1 - 0% - 55%
2 - 0% - 45%
44 Defense
1 - 0% - 55%
2 - 0% - 45%
Last Minute Offensive  - 0:00
Last Minute Defensive  - 0:00
Total
Forward - 60:00
Defense - 60:00

% Time on Ice - Hurricanes

Lines # - Real PCT - Wanted PCT - Time Play
Normal Forward
1 - 37% - 39% - 16:45
2 - 36% - 35% - 16:17
3 - 15% - 15% - 6:58
4 - 12% - 11% - 5:31
Normal Defense
1 - 34% - 35% - 15:22
2 - 32% - 35% - 14:40
3 - 29% - 20% - 13:24
4 - 5% - 10% - 2:05
PP Forward
1 - 61% - 57% - 2:26
2 - 39% - 43% - 1:32
PP Defense
1 - 61% - 50% - 2:26
2 - 39% - 50% - 1:32
PK Forward
1 - 44% - 50% - 4:31
2 - 56% - 50% - 5:44
PK Defense
1 - 43% - 50% - 4:27
2 - 57% - 50% - 5:48
PK3 Forward
1 - 100% - 60% - 0:16
2 - 0% - 40% - 0:00
PK3 Defense
1 - 100% - 60% - 0:16
2 - 0% - 40% - 0:00
44 Forward
1 - 0% - 50%
2 - 0% - 50%
44 Defense
1 - 0% - 50%
2 - 0% - 50%
Last Minute Offensive  - 0:00
Last Minute Defensive  - 0:00
Total
Forward - 60:00
Defense - 60:00

Play by Play

1st period


0:01 of 1st period - Eric Staal wins face-off versus John Tavares in neutral zone.
0:53 of 1st period - Icing by Duncan Keith.
0:54 of 1st period - Eric Staal wins face-off versus Ryan Getzlaf in Hurricanes zone.
0:54 of 1st period - Eric Staal is hit by David Perron.
1:39 of 1st period - Shot by Brian Boyle.
1:39 of 1st period - Shot Blocked by Victor Hedman.
1:44 of 1st period - Victor Hedman is hit by Ryan Wilson and loses puck.
2:23 of 1st period - Shot by Cal Clutterbuck.
2:23 of 1st period - Goal by Cal Clutterbuck - Penguins : 0 - Hurricanes : 1.
2:24 of 1st period - John Tavares wins face-off versus Marty Reasoner in neutral zone.
3:00 of 1st period - Icing by Jack Hillen.
3:01 of 1st period - Brendan Gallagher wins face-off versus Marty Reasoner in Hurricanes zone.
3:01 of 1st period - Brendan Gallagher is hit by Marc Staal.
3:50 of 1st period - Off-side.
3:51 of 1st period - Ryan Getzlaf wins face-off versus Brian Boyle in neutral zone.
4:07 of 1st period - Shot by Alexander Steen.
4:07 of 1st period - Shot Misses the Net.
4:09 of 1st period - Shot by David Perron.
4:09 of 1st period - Shot Misses the Net.
4:15 of 1st period - Shot by Alexander Steen.
4:15 of 1st period - Shot Misses the Net.
4:56 of 1st period - Icing by Ryan Wilson.
4:57 of 1st period - Brian Boyle wins face-off versus Brendan Gallagher in Hurricanes zone.
5:42 of 1st period - Leo Komarov is hit by Barret Jackman and loses puck.
6:20 of 1st period - Shot by Blake Wheeler.
6:20 of 1st period - Shot Misses the Net.
6:29 of 1st period - Eric Staal is hit by Matt Hunwick and loses puck.
6:34 of 1st period - Shot by Blake Wheeler.
6:34 of 1st period - Shot Blocked by Matt Hunwick.
7:10 of 1st period - Ryan Suter is hit by Steve Oleksy and loses puck.
7:19 of 1st period - Shot by John Tavares.
7:19 of 1st period - Shot Misses the Net.
7:26 of 1st period - Minor Penalty to Steve Oleksy for Hooking.
7:27 of 1st period - Ryan Getzlaf wins face-off versus Leo Komarov in Hurricanes zone.
8:24 of 1st period - Icing by Kris Letang.
8:25 of 1st period - John Tavares wins face-off versus Marty Reasoner in Penguins zone.
8:30 of 1st period - Shot by Ryan Suter.
8:30 of 1st period - Stopped by Mike Smith without a rebound.
8:31 of 1st period - John Tavares wins face-off versus Marty Reasoner in Hurricanes zone.
8:58 of 1st period - Leo Komarov is hit by Andrew Ladd and loses puck.
9:35 of 1st period - Shot by Brian Boyle.
9:35 of 1st period - Stopped by Marc-Andre Fleury without a rebound.
9:36 of 1st period - Nikolai Kulemin wins face-off versus Zac Rinaldo in Penguins zone.
9:45 of 1st period - Shot by Brendan Gallagher.
9:45 of 1st period - Stopped by Mike Smith without a rebound.
9:46 of 1st period - Brian Boyle wins face-off versus Ryan Getzlaf in Hurricanes zone.
9:46 of 1st period - Brian Boyle is hit by Ryan Getzlaf.
9:58 of 1st period - David Perron is hit by Nick Foligno and loses puck.
10:13 of 1st period - Shot by Steve Oleksy.
10:13 of 1st period - Shot Misses the Net.
10:15 of 1st period - Shot by Rene Bourque.
10:15 of 1st period - Shot Misses the Net.
10:38 of 1st period - Jack Hillen is hit by Stephane Robidas and loses puck.
11:01 of 1st period - Shot by Marc Staal.
11:01 of 1st period - Stopped by Marc-Andre Fleury without a rebound.
11:02 of 1st period - John Tavares wins face-off versus Leo Komarov in Penguins zone.
11:25 of 1st period - Shot by Andrew Ladd.
11:25 of 1st period - Stopped by Mike Smith without a rebound.
11:26 of 1st period - Eric Staal wins face-off versus Stephen Weiss in Hurricanes zone.
11:42 of 1st period - Minor Penalty to Brendan Gallagher for Hooking.
11:43 of 1st period - Brian Boyle wins face-off versus Stephen Weiss in Penguins zone.
11:46 of 1st period - Shot by Brian Boyle.
11:46 of 1st period - Shot Misses the Net.
11:48 of 1st period - Shot by Ryan Wilson.
11:48 of 1st period - Stopped by Marc-Andre Fleury without a rebound.
11:49 of 1st period - Eric Staal wins face-off versus Stephen Weiss in Penguins zone.
11:50 of 1st period - Shot by Duncan Keith.
11:50 of 1st period - Shot Misses the Net.
11:52 of 1st period - Shot by James Wisniewski.
11:52 of 1st period - Shot Blocked by Ryan Suter.
11:54 of 1st period - Shot by Duncan Keith.
11:54 of 1st period - Stopped by Marc-Andre Fleury without a rebound.
11:55 of 1st period - Nick Foligno wins face-off versus Stephen Weiss in Penguins zone.
12:06 of 1st period - Shot by James Wisniewski.
12:06 of 1st period - Stopped by Marc-Andre Fleury without a rebound.
12:07 of 1st period - Brian Boyle wins face-off versus Stephen Weiss in Penguins zone.
12:15 of 1st period - Rene Bourque is hit by Stephane Robidas and loses puck.
12:18 of 1st period - Shot by Ryan Wilson.
12:18 of 1st period - Shot Misses the Net.
12:20 of 1st period - Shot by Ryan Wilson.
12:20 of 1st period - Shot Blocked by Stephane Robidas.
12:22 of 1st period - Shot by Ryan Wilson.
12:22 of 1st period - Deflect By Rene Bourque.
12:22 of 1st period - Stopped by Marc-Andre Fleury without a rebound.
12:23 of 1st period - Blake Wheeler wins face-off versus Stephen Weiss in Penguins zone.
12:45 of 1st period - Icing by Blake Wheeler.
12:46 of 1st period - Eric Staal wins face-off versus Stephen Weiss in Hurricanes zone.
13:48 of 1st period - Shot by Lennart Petrell.
13:48 of 1st period - Deflect By Marty Reasoner.
13:48 of 1st period - Shot Misses the Net.
14:10 of 1st period - Shot by Lennart Petrell.
14:10 of 1st period - Deflect By Marty Reasoner.
14:10 of 1st period - Stopped by Marc-Andre Fleury without a rebound.
14:11 of 1st period - John Tavares wins face-off versus Leo Komarov in Penguins zone.
14:11 of 1st period - John Tavares is hit by Cal Clutterbuck.
14:23 of 1st period - Shot by Cal Clutterbuck.
14:23 of 1st period - Shot Misses the Net.
15:14 of 1st period - Off-side.
15:15 of 1st period - Stephen Weiss wins face-off versus Eric Staal in neutral zone.
15:40 of 1st period - Barret Jackman is hit by Nikolai Kulemin and loses puck.
15:44 of 1st period - Brandon Saad is hit by Blake Wheeler and loses puck.
16:20 of 1st period - Minor Penalty to Brian Boyle for Charging.
16:21 of 1st period - John Tavares wins face-off versus Leo Komarov in Hurricanes zone.
16:26 of 1st period - Shot by Andrew Ladd.
16:26 of 1st period - Shot Misses the Net.
16:28 of 1st period - Shot by Gabriel Landeskog.
16:28 of 1st period - Shot Blocked by Ryan Wilson.
16:30 of 1st period - Shot by Andrew Ladd.
16:30 of 1st period - Shot Misses the Net.
17:02 of 1st period - Off-side.
17:03 of 1st period - Ryan Getzlaf wins face-off versus Marty Reasoner in neutral zone.
17:08 of 1st period - Shot by Victor Hedman.
17:08 of 1st period - Shot Blocked by Steve Oleksy.
17:10 of 1st period - Shot by Stephane Robidas.
17:10 of 1st period - Goal by Stephane Robidas - Penguins : 1 - Hurricanes : 1.
17:11 of 1st period - Ryan Getzlaf wins face-off versus Brian Boyle in neutral zone.
17:46 of 1st period - Marc Staal is hit by Ryan Getzlaf and loses puck.
18:27 of 1st period - Shot by Blake Wheeler.
18:27 of 1st period - Deflect By Eric Staal.
18:27 of 1st period - Shot Blocked by Ryan Suter.
19:25 of 1st period - Shot by Brendan Gallagher.
19:25 of 1st period - Shot Misses the Net.
Goals for this period are 1 for Penguins vs 1 for Hurricanes.
Shots for this period are 4 for Penguins vs 8 for Hurricanes.

2nd period


0:01 of 2nd period - John Tavares wins face-off versus Brian Boyle in neutral zone.
0:12 of 2nd period - Shot by Gabriel Landeskog.
0:12 of 2nd period - Stopped by Mike Smith without a rebound.
0:13 of 2nd period - Eric Staal wins face-off versus Ryan Getzlaf in Hurricanes zone.
0:38 of 2nd period - Shot by Ryan Getzlaf.
0:38 of 2nd period - Stopped by Mike Smith without a rebound.
0:39 of 2nd period - John Tavares wins face-off versus Brian Boyle in Hurricanes zone.
0:46 of 2nd period - Shot by John Tavares.
0:46 of 2nd period - Stopped by Mike Smith with a rebound.
1:25 of 2nd period - Shot by Andrew Ladd.
1:25 of 2nd period - Goal by Andrew Ladd - Penguins : 2 - Hurricanes : 1.
1:26 of 2nd period - Ryan Getzlaf wins face-off versus Eric Staal in neutral zone.
1:33 of 2nd period - Shot by Alexander Steen.
1:33 of 2nd period - Shot Misses the Net.
1:35 of 2nd period - Shot by Stephane Robidas.
1:35 of 2nd period - Stopped by Mike Smith without a rebound.
1:36 of 2nd period - Eric Staal wins face-off versus Ryan Getzlaf in Hurricanes zone.
2:13 of 2nd period - Shot by Victor Hedman.
2:13 of 2nd period - Stopped by Mike Smith without a rebound.
2:14 of 2nd period - Brian Boyle wins face-off versus John Tavares in Hurricanes zone.
2:33 of 2nd period - Shot by Nick Foligno.
2:33 of 2nd period - Stopped by Marc-Andre Fleury without a rebound.
2:34 of 2nd period - Stephen Weiss wins face-off versus Marty Reasoner in Penguins zone.
2:42 of 2nd period - Marc Staal is hit by Stephen Weiss and loses puck.
3:03 of 2nd period - Shot by Brendan Gallagher.
3:03 of 2nd period - Stopped by Mike Smith with a rebound.
3:05 of 2nd period - Shot by Brandon Saad.
3:05 of 2nd period - Shot Misses the Net.
3:11 of 2nd period - Shot by Brendan Gallagher.
3:11 of 2nd period - Shot Misses the Net.
3:13 of 2nd period - Shot by Stephen Weiss.
3:13 of 2nd period - Stopped by Mike Smith without a rebound.
3:14 of 2nd period - Gabriel Landeskog wins face-off versus Brian Boyle in Hurricanes zone.
3:25 of 2nd period - Shot by Nick Foligno.
3:25 of 2nd period - Stopped by Marc-Andre Fleury with a rebound.
3:27 of 2nd period - Shot by James Wisniewski.
3:27 of 2nd period - Stopped by Marc-Andre Fleury without a rebound.
3:28 of 2nd period - Eric Staal wins face-off versus Ryan Getzlaf in Penguins zone.
3:40 of 2nd period - Icing by Stephane Robidas.
3:41 of 2nd period - Ryan Getzlaf wins face-off versus Brian Boyle in Penguins zone.
3:41 of 2nd period - Ryan Getzlaf is hit by Brian Boyle.
4:05 of 2nd period - Shot by Rene Bourque.
4:05 of 2nd period - Stopped by Marc-Andre Fleury without a rebound.
4:06 of 2nd period - John Tavares wins face-off versus Blake Wheeler in Penguins zone.
4:21 of 2nd period - Shot by Andrew Ladd.
4:21 of 2nd period - Stopped by Mike Smith without a rebound.
4:22 of 2nd period - Brian Boyle wins face-off versus Zac Rinaldo in Hurricanes zone.
4:22 of 2nd period - Brian Boyle is hit by Zac Rinaldo.
4:32 of 2nd period - Shot by Nick Foligno.
4:32 of 2nd period - Stopped by Marc-Andre Fleury with a rebound.
4:34 of 2nd period - Shot by Brian Boyle.
4:34 of 2nd period - Stopped by Marc-Andre Fleury without a rebound.
4:35 of 2nd period - Eric Staal wins face-off versus John Tavares in Penguins zone.
4:53 of 2nd period - Ryan Suter is hit by Steve Oleksy and loses puck.
5:33 of 2nd period - Ryan Suter is hit by Ryan Wilson and loses puck.
5:46 of 2nd period - Shot by Brian Boyle.
5:46 of 2nd period - Stopped by Marc-Andre Fleury without a rebound.
5:47 of 2nd period - Leo Komarov wins face-off versus Ryan Getzlaf in Penguins zone.
6:08 of 2nd period - Shot by Cal Clutterbuck.
6:08 of 2nd period - Shot Misses the Net.
6:10 of 2nd period - Shot by Leo Komarov.
6:10 of 2nd period - Stopped by Marc-Andre Fleury without a rebound.
6:11 of 2nd period - Stephen Weiss wins face-off versus Brian Boyle in Penguins zone.
6:22 of 2nd period - Matt Hunwick is hit by Brian Boyle and loses puck.
7:52 of 2nd period - Marc Staal is hit by David Perron.
8:02 of 2nd period - Shot by Alexander Steen.
8:02 of 2nd period - Deflect By Ryan Getzlaf.
8:02 of 2nd period - Shot Misses the Net.
8:03 of 2nd period - Minor Penalty to Marc Staal for Delaying the game.
8:04 of 2nd period - John Tavares wins face-off versus Leo Komarov in Hurricanes zone.
8:21 of 2nd period - Shot by Andrew Ladd.
8:21 of 2nd period - Stopped by Mike Smith without a rebound.
8:22 of 2nd period - John Tavares wins face-off versus Marty Reasoner in Hurricanes zone.
8:23 of 2nd period - Shot by Kris Letang.
8:23 of 2nd period - Stopped by Mike Smith without a rebound.
8:24 of 2nd period - John Tavares wins face-off versus Marty Reasoner in Hurricanes zone.
8:25 of 2nd period - Shot by Kris Letang.
8:25 of 2nd period - Stopped by Mike Smith without a rebound.
8:26 of 2nd period - John Tavares wins face-off versus Marty Reasoner in Hurricanes zone.
8:53 of 2nd period - Shot by Kris Letang.
8:53 of 2nd period - Shot Misses the Net.
9:01 of 2nd period - Shot by Andrew Ladd.
9:01 of 2nd period - Goal by Andrew Ladd - Penguins : 3 - Hurricanes : 1.
9:02 of 2nd period - Ryan Getzlaf wins face-off versus Brian Boyle in neutral zone.
9:25 of 2nd period - Shot by Ryan Getzlaf.
9:25 of 2nd period - Shot Blocked by Jack Hillen.
9:37 of 2nd period - Shot by David Perron.
9:37 of 2nd period - Shot Misses the Net.
9:44 of 2nd period - Ryan Getzlaf is hit by Marc Staal and loses puck.
9:47 of 2nd period - Shot by Alexander Steen.
9:47 of 2nd period - Stopped by Mike Smith without a rebound.
9:48 of 2nd period - John Tavares wins face-off versus Eric Staal in Hurricanes zone.
10:01 of 2nd period - Shot by Andrew Ladd.
10:01 of 2nd period - Stopped by Mike Smith without a rebound.
10:02 of 2nd period - Leo Komarov wins face-off versus Zac Rinaldo in Hurricanes zone.
10:04 of 2nd period - Icing by Steve Oleksy.
10:05 of 2nd period - John Tavares wins face-off versus Cal Clutterbuck in Hurricanes zone.
11:02 of 2nd period - Shot by Ryan Getzlaf.
11:02 of 2nd period - Stopped by Mike Smith without a rebound.
11:03 of 2nd period - Nikolai Kulemin wins face-off versus Ryan Getzlaf in Hurricanes zone.
11:11 of 2nd period - Off-side.
11:12 of 2nd period - David Perron wins face-off versus Eric Staal in neutral zone.
11:14 of 2nd period - Victor Hedman is hit by James Wisniewski and loses puck.
11:25 of 2nd period - Shot by Eric Staal.
11:25 of 2nd period - Deflect By Blake Wheeler.
11:25 of 2nd period - Shot Misses the Net.
12:27 of 2nd period - Brian Boyle is hit by Gabriel Landeskog.
12:37 of 2nd period - Jack Hillen is hit by Andrew Ladd and loses puck.
12:51 of 2nd period - Icing by Marc Staal.
12:52 of 2nd period - Zac Rinaldo wins face-off versus Brian Boyle in Hurricanes zone.
14:25 of 2nd period - Minor Penalty to Ryan Suter for Tripping.
14:26 of 2nd period - Nick Foligno wins face-off versus Stephen Weiss in Penguins zone.
14:33 of 2nd period - Shot by Jack Hillen.
14:33 of 2nd period - Shot Misses the Net.
14:46 of 2nd period - Icing by Jack Hillen.
14:47 of 2nd period - Blake Wheeler wins face-off versus Stephen Weiss in Hurricanes zone.
15:01 of 2nd period - Shot by James Wisniewski.
15:01 of 2nd period - Stopped by Marc-Andre Fleury without a rebound.
15:02 of 2nd period - Brian Boyle wins face-off versus Stephen Weiss in Penguins zone.
15:45 of 2nd period - Icing by Steve Oleksy.
15:46 of 2nd period - Ryan Getzlaf wins face-off versus Brian Boyle in Hurricanes zone.
16:54 of 2nd period - Shot by Victor Hedman.
16:54 of 2nd period - Shot Blocked by Marc Staal.
17:07 of 2nd period - Off-side.
17:08 of 2nd period - Eric Staal wins face-off versus Ryan Getzlaf in neutral zone.
17:15 of 2nd period - Shot by Eric Staal.
17:15 of 2nd period - Stopped by Marc-Andre Fleury without a rebound.
17:16 of 2nd period - Eric Staal wins face-off versus Ryan Getzlaf in Penguins zone.
17:17 of 2nd period - Shot by Blake Wheeler.
17:17 of 2nd period - Shot Misses the Net.
17:26 of 2nd period - Eric Staal is hit by Ryan Suter and loses puck.
17:33 of 2nd period - Nikolai Kulemin is hit by David Perron.
17:40 of 2nd period - Off-side.
17:41 of 2nd period - Brian Boyle wins face-off versus John Tavares in neutral zone.
17:41 of 2nd period - Marc Staal is hit by Gabriel Landeskog and loses puck.
17:45 of 2nd period - Brian Boyle is hit by Gabriel Landeskog and loses puck.
17:59 of 2nd period - Minor Penalty to Marc Staal for Tripping.
18:00 of 2nd period - David Perron wins face-off versus Marty Reasoner in Hurricanes zone.
19:04 of 2nd period - Shot by Victor Hedman.
19:04 of 2nd period - Shot Misses the Net.
19:06 of 2nd period - Shot by Victor Hedman.
19:06 of 2nd period - Shot Misses the Net.
19:55 of 2nd period - Shot by Kris Letang.
19:55 of 2nd period - Shot Misses the Net.
19:57 of 2nd period - Shot by Ryan Suter.
19:57 of 2nd period - Shot Blocked by James Wisniewski.
19:59 of 2nd period - Shot by David Perron.
19:59 of 2nd period - Stopped by Mike Smith with a rebound.
Goals for this period are 2 for Penguins vs 0 for Hurricanes.
Shots for this period are 17 for Penguins vs 10 for Hurricanes.

3rd period


0:01 of 3rd period - Eric Staal wins face-off versus Stephen Weiss in neutral zone.
0:01 of 3rd period - James Wisniewski is hit by Brendan Gallagher and loses puck.
0:53 of 3rd period - Icing by Ryan Wilson.
0:54 of 3rd period - Eric Staal wins face-off versus Ryan Getzlaf in Hurricanes zone.
1:03 of 3rd period - Victor Hedman is hit by Blake Wheeler and loses puck.
2:14 of 3rd period - Andrew Ladd is hit by Brian Boyle and loses puck.
3:01 of 3rd period - Icing by Marc Staal.
3:02 of 3rd period - Stephen Weiss wins face-off versus Leo Komarov in Hurricanes zone.
3:02 of 3rd period - Kris Letang is hit by Marc Staal and loses puck.
3:39 of 3rd period - Icing by Stephen Weiss.
3:40 of 3rd period - Eric Staal wins face-off versus Stephen Weiss in Penguins zone.
3:40 of 3rd period - Eric Staal is hit by Ryan Suter.
4:08 of 3rd period - Icing by Kris Letang.
4:09 of 3rd period - Stephen Weiss wins face-off versus Nick Foligno in Penguins zone.
4:09 of 3rd period - Stephen Weiss is hit by Brian Boyle.
4:25 of 3rd period - Shot by David Perron.
4:25 of 3rd period - Stopped by Mike Smith without a rebound.
4:26 of 3rd period - John Tavares wins face-off versus Eric Staal in Hurricanes zone.
4:41 of 3rd period - Shot by Andrew Ladd.
4:41 of 3rd period - Shot Blocked by Marc Staal.
4:43 of 3rd period - Shot by Gabriel Landeskog.
4:43 of 3rd period - Stopped by Mike Smith without a rebound.
4:44 of 3rd period - Brian Boyle wins face-off versus Ryan Getzlaf in Hurricanes zone.
4:59 of 3rd period - Icing by Barret Jackman.
5:00 of 3rd period - Eric Staal wins face-off versus Ryan Getzlaf in Penguins zone.
5:19 of 3rd period - Shot by Eric Staal.
5:19 of 3rd period - Stopped by Marc-Andre Fleury without a rebound.
5:20 of 3rd period - Brian Boyle wins face-off versus Gabriel Landeskog in Penguins zone.
6:21 of 3rd period - Ryan Getzlaf is hit by Blake Wheeler and loses puck.
6:29 of 3rd period - Icing by Stephane Robidas.
6:30 of 3rd period - Ryan Getzlaf wins face-off versus Leo Komarov in Penguins zone.
6:36 of 3rd period - Shot by Leo Komarov.
6:36 of 3rd period - Shot Misses the Net.
6:55 of 3rd period - Icing by Stephane Robidas.
6:56 of 3rd period - Ryan Getzlaf wins face-off versus Eric Staal in Penguins zone.
7:07 of 3rd period - Shot by Alexander Steen.
7:07 of 3rd period - Stopped by Mike Smith without a rebound.
7:08 of 3rd period - Brian Boyle wins face-off versus Brendan Gallagher in Hurricanes zone.
7:08 of 3rd period - Brian Boyle is hit by Stephen Weiss.
7:29 of 3rd period - Icing by Duncan Keith.
7:30 of 3rd period - John Tavares wins face-off versus Brian Boyle in Hurricanes zone.
7:41 of 3rd period - Shot by Rene Bourque.
7:41 of 3rd period - Shot Blocked by Victor Hedman.
7:53 of 3rd period - Shot by Brian Boyle.
7:53 of 3rd period - Shot Misses the Net.
7:58 of 3rd period - Off-side.
7:59 of 3rd period - Eric Staal wins face-off versus Ryan Getzlaf in neutral zone.
7:59 of 3rd period - Eric Staal is hit by Ryan Getzlaf.
8:02 of 3rd period - James Wisniewski is hit by Ryan Getzlaf and loses puck.
8:13 of 3rd period - Shot by Ryan Getzlaf.
8:13 of 3rd period - Stopped by Mike Smith without a rebound.
8:14 of 3rd period - Stephen Weiss wins face-off versus Leo Komarov in Hurricanes zone.
8:14 of 3rd period - Stephen Weiss is hit by Marc Staal.
8:15 of 3rd period - Stephen Weiss from Penguins is injured at 8:15 of 3rd period (Sprained Right Finger).
8:16 of 3rd period - Eric Staal wins face-off versus John Tavares in Hurricanes zone.
8:32 of 3rd period - James Wisniewski is hit by Stephane Robidas and loses puck.
8:49 of 3rd period - Shot by Blake Wheeler.
8:49 of 3rd period - Stopped by Marc-Andre Fleury without a rebound.
8:50 of 3rd period - Ryan Getzlaf wins face-off versus Brian Boyle in Penguins zone.
8:50 of 3rd period - Ryan Getzlaf is hit by Brian Boyle.
8:55 of 3rd period - Off-side.
8:56 of 3rd period - Ryan Getzlaf wins face-off versus Brian Boyle in neutral zone.
8:56 of 3rd period - Kris Letang is hit by Brian Boyle and loses puck.
8:57 of 3rd period - Minor Penalty to Brian Boyle for Slashing.
8:58 of 3rd period - Marty Reasoner wins face-off versus John Tavares in Hurricanes zone.
11:32 of 3rd period - Shot by Jack Hillen.
11:32 of 3rd period - Stopped by Marc-Andre Fleury without a rebound.
11:33 of 3rd period - Zac Rinaldo wins face-off versus Eric Staal in Penguins zone.
11:38 of 3rd period - Duncan Keith is hit by Zac Rinaldo and loses puck.
12:14 of 3rd period - Icing by Duncan Keith.
12:15 of 3rd period - John Tavares wins face-off versus Eric Staal in Hurricanes zone.
12:20 of 3rd period - Shot by Andrew Ladd.
12:20 of 3rd period - Shot Misses the Net.
12:34 of 3rd period - Shot by John Tavares.
12:34 of 3rd period - Shot Misses the Net.
12:37 of 3rd period - Icing by Jack Hillen.
12:38 of 3rd period - Brian Boyle wins face-off versus David Perron in Hurricanes zone.
14:36 of 3rd period - Brian Boyle is hit by Brendan Gallagher.
14:37 of 3rd period - Icing by Brian Boyle.
14:38 of 3rd period - Zac Rinaldo wins face-off versus Brian Boyle in Hurricanes zone.
14:57 of 3rd period - Shot by Victor Hedman.
14:57 of 3rd period - Stopped by Mike Smith with a rebound.
14:59 of 3rd period - Shot by Ruslan Fedotenko.
14:59 of 3rd period - Stopped by Mike Smith without a rebound.
15:00 of 3rd period - Ryan Getzlaf wins face-off versus Eric Staal in Hurricanes zone.
15:06 of 3rd period - Icing by Eric Staal.
15:07 of 3rd period - John Tavares wins face-off versus Eric Staal in Hurricanes zone.
15:38 of 3rd period - Icing by Ryan Suter.
15:39 of 3rd period - John Tavares wins face-off versus Cal Clutterbuck in Penguins zone.
15:39 of 3rd period - Andrew Ladd is hit by Dale Weise and loses puck.
15:49 of 3rd period - Icing by Duncan Keith.
15:50 of 3rd period - Ryan Getzlaf wins face-off versus Leo Komarov in Hurricanes zone.
15:53 of 3rd period - Shot by Alexander Steen.
15:53 of 3rd period - Stopped by Mike Smith without a rebound.
15:54 of 3rd period - Eric Staal wins face-off versus Ryan Getzlaf in Hurricanes zone.
16:11 of 3rd period - Shot by Ryan Getzlaf.
16:11 of 3rd period - Shot Blocked by Ryan Wilson.
16:26 of 3rd period - Stephane Robidas is hit by Ryan Wilson and loses puck.
16:27 of 3rd period - Minor Penalty to James Wisniewski for Cross-checking.
16:28 of 3rd period - Leo Komarov wins face-off versus John Tavares in Hurricanes zone.
16:28 of 3rd period - Leo Komarov is hit by Gabriel Landeskog.
16:52 of 3rd period - Shot by Ryan Suter.
16:52 of 3rd period - Stopped by Mike Smith without a rebound.
16:53 of 3rd period - Marty Reasoner wins face-off versus Ryan Getzlaf in Hurricanes zone.
16:53 of 3rd period - Duncan Keith is hit by Ryan Getzlaf and loses puck.
17:02 of 3rd period - Shot by Victor Hedman.
17:02 of 3rd period - Shot Misses the Net.
18:03 of 3rd period - Shot by Andrew Ladd.
18:03 of 3rd period - Deflect By John Tavares.
18:03 of 3rd period - Stopped by Mike Smith without a rebound.
18:04 of 3rd period - John Tavares wins face-off versus Marty Reasoner in Hurricanes zone.
18:09 of 3rd period - Shot by Ryan Suter.
18:09 of 3rd period - Stopped by Mike Smith with a rebound.
18:44 of 3rd period - Shot by Matt Hunwick.
18:44 of 3rd period - Shot Blocked by Brian Boyle.
18:46 of 3rd period - Shot by Barret Jackman.
18:46 of 3rd period - Stopped by Mike Smith without a rebound.
18:47 of 3rd period - Zac Rinaldo wins face-off versus Dale Weise in Hurricanes zone.
19:06 of 3rd period - Shot by Ruslan Fedotenko.
19:06 of 3rd period - Stopped by Mike Smith without a rebound.
19:07 of 3rd period - Andrew Ladd wins face-off versus Brian Boyle in Hurricanes zone.
19:07 of 3rd period - Andrew Ladd is hit by Steve Oleksy.
19:12 of 3rd period - Minor Penalty to Steve Oleksy for Interference.
19:13 of 3rd period - Marty Reasoner wins face-off versus John Tavares in Hurricanes zone.
19:32 of 3rd period - Shot by Ryan Suter.
19:32 of 3rd period - Stopped by Mike Smith with a rebound.
19:34 of 3rd period - Shot by Kris Letang.
19:34 of 3rd period - Shot Misses the Net.
19:36 of 3rd period - Shot by Ryan Suter.
19:36 of 3rd period - Shot Misses the Net.
19:38 of 3rd period - Shot by John Tavares.
19:38 of 3rd period - Shot Misses the Net.
19:40 of 3rd period - Shot by Ryan Suter.
19:40 of 3rd period - Stopped by Mike Smith with a rebound.
19:42 of 3rd period - Shot by Gabriel Landeskog.
19:42 of 3rd period - Stopped by Mike Smith without a rebound.
19:43 of 3rd period - Ryan Getzlaf wins face-off versus Leo Komarov in Hurricanes zone.
19:43 of 3rd period - Minor Penalty to Duncan Keith for Slashing.
19:44 of 3rd period - Nikolai Kulemin wins face-off versus Ryan Getzlaf in Hurricanes zone.
Goals for this period are 0 for Penguins vs 0 for Hurricanes.
Shots for this period are 15 for Penguins vs 3 for Hurricanes.


Output by the SimonT Hockey Simulator (STHS) for Stephane Roy -- Original Page W3C XHTML 1.0 Valid
Hockey Simulator - Hockey Simulation - Hockey Manager